Map: Ulzaan

Players

HyperXSylar - Winner!

  • Race: Zerg Zerg
  • Spawn Location: 9:00

carlosenriqe - Winner!

  • Race: Terran Terran
  • Spawn Location: 11:00

Subwaymaker

  • Race: Protoss Protoss
  • League: Gold
  • Spawn Location: 3:00

Mesrob

  • Race: Terran Terran
  • League: Platinum
  • Spawn Location: 1:00

VOD

Have the link to the VOD?

Description

Time

  • Played on: March 15, 2019, 9:35 p.m.
  • Length: 11:07
Show
View Real Time Build Order
Export as new Build Order

HyperXSylar Zerg - Winner!

Build Orders: Hatch First 

Get SALT Encoding   

  12  0:01  Drone  
  13  0:13  Overlord  
  13  0:24  Drone  
  14  0:32  Drone x2  
  14  0:35  Drone  
  17  0:54  Drone  
  18  0:59  Hatchery  
  18  1:01  Drone  
  18  1:03  Extractor  
  17  1:09  Drone  
  18  1:21  Spawning Pool  
  17  1:28  Drone  
  17  1:29  Drone  
  19  1:40  Overlord  
  19  1:59  Drone  
  20  2:01  Hatchery  
  19  2:10  Queen  
  21  2:17  Metabolic Boost  
  21  2:21  Drone  
  22  2:25  Drone  
  22  2:28  Drone  
  24  2:31  Drone  
  24  2:35  Drone  
  26  2:38  Drone  
  26  2:41  Drone  
  28  2:45  Drone  
  29  3:01  Drone x3  
  29  3:04  Queen  
  34  3:09  Lair  
  34  3:16  Extractor, Drone  
  34  3:17  Drone x2  
  36  3:22  Overlord  
  36  3:25  Overlord  
  36  3:29  Drone  
  36  3:31  Drone  
  38  3:38  Zergling x8  
  38  3:41  Zergling x2  
  43  3:52  Queen  
  43  3:54  Drone  
  43  3:55  Drone x3  
  49  4:05  Zergling x2  
  49  4:06  Zergling x4  
  52  4:38  Zergling x12  
  54  4:39  Zergling x2  
  54  4:40  Overlord x4  
  54  4:55  Zergling x8  
  57  5:12  Roach Warren  
  57  5:13  Extractor  
  55  5:14  Extractor  
  55  5:16  Extractor x2, Drone  
  55  5:17  Drone x10  
  63  5:27  Drone x2  
  65  5:49  Drone  
  67  5:50  Drone x8  
  67  5:51  Drone x2, Overlord  
  67  5:52  Overlord  
  76  6:10  Nydus Network  
  75  6:12  Glial Reconstitution  
  75  6:14  Roach  
  75  6:15  Roach x7  
  91  6:25  Drone x2  
  91  6:26  Drone  
  91  6:27  Drone x3  
  91  6:28  Overlord x3  
  97  6:33  Pneumatized Carapace  
  97  6:35  Burrow  
  97  6:38  Drone x2  
  99  6:51  Nydus Canal  
  99  6:55  Roach  
  99  6:56  Roach x11  
  123  7:19  Roach  
  123  7:20  Roach x2  
  100  7:45  Roach x9  
  100  8:01  Ravager x2  
  97  8:08  Roach  
  97  8:09  Roach x5  
  100  8:40  Roach x5  
  96  8:44  Roach  
  96  8:45  Roach x16  
  122  8:52  Tunneling Claws  
  104  9:17  Evolution Chamber x2  
  103  9:21  Nydus Canal  
  102  9:25  Roach  
  102  9:26  Roach x11  
  126  9:47  Roach  
  126  9:48  Roach  
  126  9:49  Overlord x5  
  126  9:50  Overlord  
  92  10:15  Roach x7  
  92  10:16  Roach x2  
  98  10:29  Roach  
  98  10:30  Roach x2  
  92  10:48  Hatchery  
  91  10:50  Hatchery  
  91  10:55  Hatchery  
Show
View Real Time Build Order
Export as new Build Order

carlosenriqe Terran - Winner!

Build Orders:  

Get SALT Encoding   

  12  0:01  SCV  
  13  0:13  SCV  
  14  0:30  SCV  
  14  0:33  Supply Depot  
  15  0:42  Refinery  
  15  0:55  SCV  
  16  0:58  Barracks  
  16  1:07  SCV  
  17  1:15  Refinery  
  17  1:19  SCV  
  18  1:31  SCV  
  19  1:43  SCV  
  19  1:45  Supply Depot  
  20  1:52  Barracks Reactor  
  20  1:55  SCV  
  21  2:06  Command Center  
  21  2:08  SCV  
  22  2:20  SCV  
  23  2:24  Factory  
  23  2:29  Reaper  
  24  2:30  Reaper  
  25  2:41  Orbital Command  
  25  3:01  Reaper  
  25  3:02  Reaper  
  27  3:09  Factory Tech Lab  
  27  3:10  Barracks  
  27  3:18  SCV  
  28  3:22  SCV  
  29  3:30  SCV  
  29  3:32  Siege Tank  
  33  3:34  SCV  
  33  3:36  Marine  
  35  3:42  SCV  
  36  3:53  Marine  
  36  3:54  Marine  
  39  4:02  SCV  
  39  4:15  SCV  
  39  4:27  SCV  
  38  4:39  SCV  
  38  4:59  SCV  
  39  5:02  SCV  
  40  5:10  Command Center  
  40  5:11  Siege Tank, SCV  
  40  5:13  Marine x2  
  46  5:24  Factory  
  46  5:26  Starport  
  46  5:40  Refinery  
  46  5:41  Refinery  
  46  6:12  Starport Reactor  
  46  6:17  Supply Depot  
  46  6:19  Supply Depot  
  46  6:21  Marine x2, Barracks Tech Lab, Supply Depot  
  46  6:22  SCV x2  
  46  6:23  Factory Tech Lab  
  50  6:31  Liberator x2, Orbital Command  
  50  6:34  SCV x2  
  50  6:39  Marine x2  
  52  6:46  SCV x2  
  62  6:58  SCV x2  
  62  6:59  Marine x2  
  66  7:03  Marauder  
  68  7:10  SCV x2  
  68  7:14  Liberator x2  
  70  7:16  Marine  
  70  7:22  SCV  
  72  7:25  Marauder  
  74  7:32  Stimpack  
  80  7:46  Marauder  
  82  8:05  Supply Depot x2  
  82  8:07  Supply Depot  
  82  8:08  Marauder, SCV  
  85  8:16  Orbital Command  
  85  8:27  Medivac x2, SCV  
  85  8:29  Marauder  
  92  8:39  SCV  
  93  8:50  Marauder  
  93  8:51  SCV  
  96  8:57  Medivac x2  
  96  9:03  SCV  
  97  9:11  Concussive Shells  
  97  9:12  Marauder  
Show
View Real Time Build Order
Export as new Build Order

Subwaymaker Protoss 

Build Orders: Archon Immortal 

Get SALT Encoding   

  12  0:01  Probe  
  13  0:13  Probe  
  14  0:20  Pylon  
  14  0:25  Probe  
  15  0:43  Gateway  
  15  0:48  Gateway  
  15  0:56  Probe  
  16  1:04  Probe  
  17  1:14  Probe  
  17  1:15  Assimilator  
  18  1:21  Pylon  
  18  1:22  Probe  
  18  1:30  Probe  
  19  1:34  Cybernetics Core  
  19  1:39  Gateway  
  20  1:47  Assimilator  
  20  1:53  Probe  
  21  2:06  Probe  
  22  2:18  Probe  
  23  2:29  Nexus  
  23  2:33  Stalker  
  23  2:34  Warp Gate  
  23  2:35  Probe  
  23  2:36  Sentry  
  27  2:43  Probe  
  29  2:52  Probe  
  30  3:03  Probe, Robotics Facility  
  31  3:20  Pylon  
  31  3:29  Twilight Council  
  31  3:33  Pylon  
  31  3:37  Probe  
  32  3:41  Assimilator  
  32  3:43  Probe  
  32  3:45  Probe  
  33  3:51  Observer  
  33  3:53  Probe  
  33  3:55  Probe  
  37  4:05  Probe  
  37  4:07  Probe, Robotics Facility  
  39  4:13  Immortal  
  39  4:17  Probe  
  44  4:19  Probe  
  40  4:35  Stalker x2  
  40  4:59  Probe x2  
  41  5:08  Immortal  
  41  5:11  Probe x2  
  47  5:20  Assimilator  
  47  5:23  Pylon, Probe  
  47  5:26  Pylon  
  48  5:32  Robotics Bay  
  48  5:35  Probe, Zealot x2  
  51  5:39  Probe  
  53  5:47  Probe  
  54  5:51  Immortal  
  59  5:57  Pylon  
  59  6:13  Probe  
  59  6:14  Immortal  
  64  6:21  Probe  
  64  6:23  Zealot  
  64  6:24  Zealot  
  69  6:31  Probe  
  69  6:33  Colossus  
  69  6:36  Gateway  
  69  6:38  Pylon  
  76  6:40  Gateway  
  76  6:44  Zealot  
  78  6:51  Charge  
  78  6:52  Pylon  
  78  6:55  Gateway  
  78  7:00  Pylon  
  78  7:06  Probe  
  79  7:15  Colossus  
  79  7:17  Zealot x2  
  79  7:18  Probe  
  78  7:31  Probe  
  63  7:42  Colossus  
  59  7:50  Zealot x4  
  73  8:03  Extended Thermal Lance  
  73  8:12  Gateway  
  73  8:14  Gateway  
  73  8:18  Templar Archives  
  73  8:27  Zealot x4  
  77  8:48  Zealot x4  
  48  9:11  High Templar x4  
  48  9:16  High Templar  
  58  9:18  Archon  
  58  9:19  Archon  
  50  9:47  Zealot x5  
  13  10:45  Zealot x2  
  13  10:46  Zealot x4  
Show
View Real Time Build Order
Export as new Build Order

Mesrob Terran 

Build Orders: 2 Factory, Mech 

Get SALT Encoding   

  12  0:01  SCV  
  13  0:13  SCV  
  14  0:19  Supply Depot  
  14  0:27  SCV  
  15  0:43  SCV, Barracks  
  16  0:55  SCV  
  17  1:08  SCV  
  18  1:12  Refinery  
  18  1:21  Refinery, SCV  
  19  1:39  Command Center  
  19  1:41  Orbital Command  
  19  1:46  Marine  
  20  2:07  SCV  
  21  2:14  Factory  
  22  2:22  SCV  
  22  2:25  Barracks Tech Lab  
  22  2:35  SCV  
  23  2:50  SCV  
  24  2:58  Command Center  
  24  3:02  SCV  
  24  3:03  Factory  
  25  3:06  Orbital Command  
  25  3:14  SCV  
  25  3:17  Supply Depot  
  26  3:26  SCV  
  27  3:29  Siege Tank  
  30  3:39  Marine, SCV  
  32  3:43  SCV  
  33  3:51  SCV  
  33  3:55  SCV  
  35  3:57  Engineering Bay  
  35  4:00  Refinery  
  35  4:03  Marine, SCV  
  35  4:07  SCV  
  38  4:15  SCV  
  38  4:19  SCV  
  37  4:43  Factory Tech Lab  
  33  5:05  Siege Tank  
  33  5:06  Siege Tank  
  39  5:11  SCV x2  
  39  5:12  Armory  
  41  5:18  Refinery  
  41  5:23  SCV  
  41  5:24  SCV  
  41  5:25  Missile Turret  
  43  5:35  SCV  
  43  5:37  Siege Tank  
  43  5:38  Siege Tank  
  50  5:48  Missile Turret  
  50  6:04  Factory x2  
  50  6:09  Siege Tank, Missile Turret  
  50  6:11  Siege Tank  
  56  6:15  Barracks  
  56  6:31  Marine  
  57  6:34  Planetary Fortress  
  57  6:48  SCV x2  
  57  6:49  Marine  
  57  6:52  Factory Reactor  
  57  6:53  Factory Reactor  
  60  7:00  SCV  
  61  7:04  Factory  
  61  7:05  Factory  
  61  7:06  Factory  
  61  7:08  Marine, SCV  
  61  7:12  SCV  
  54  7:20  SCV  
  46  7:24  SCV  
  47  7:33  SCV  
  47  7:36  SCV  
  42  7:45  SCV  
  42  7:48  Thor  
  42  7:51  Hellbat x2  
  39  8:10  Factory Tech Lab x3  
  39  8:14  Marine  
  39  8:23  Thor  
  39  8:24  Hellbat x2  
  39  8:25  Hellbat x2  
  53  8:31  Hellbat  
  53  8:32  Marine  
  50  8:46  Hellbat  
  50  8:53  Orbital Command  
  46  9:22  Missile Turret  
  2  10:40  Orbital Command  
Tags
 
Add a new tag
Caveats
  • Supply blocks, unpowered buildings, or Contaminate may cause inaccurate times.
  • Supply counts are checked every 10 seconds.